 Dungeon Crawl Stone Soup version 0.28-b1-25-g9875b3fc8c (console) character file.

Game seed: 17963950445617967202

95 syban the Ducker (level 4, -13/34 HPs)
             Began as a Palentonga Earth Elementalist on Jan 31, 2022.
             Mangled by an ogre (32 damage)
             ... on level 4 of the Dungeon.
             The game lasted 00:04:51 (3653 turns).

syban the Ducker (Palentonga Earth Elementalist)    Turns: 3653, Time: 00:04:52

Health: -13/34     AC:  4    Str: 13    XL:     4   Next: 40%
Magic:  7/7        EV: 10    Int: 16    God:
Gold:   130        SH:  0    Dex: 10    Spells: 4/7 levels left

rFire   . . .      SeeInvis +   a - +1 long sword (holy)
rCold   . . .      Faith    .   (no shield)
rNeg    . . .      Spirit   .   b - +0 robe
rPois   .          Reflect  .   (no helmet)
rElec   .          Harm     .   (no cloak)
rCorr   .          Rampage  .   (no gloves)
Will    .....                   (no barding)
Stlth   +.........              (no amulet)
HPRegen 0.11/turn               (no ring)
MPRegen 0.10/turn               (no ring)

@: no status effects
A: large, rugged brown scales 3, see invisible, deformed body, roll 1, armoured
tail
a: Rolling Charge


You were on level 4 of the Dungeon.
You visited 1 branch of the dungeon, and saw 4 of its levels.

You collected 130 gold pieces.

Inventory:

Hand Weapons
 a - a +1 long sword of holy wrath (weapon)
 h - a +0 short sword
Missiles
 c - 41 stones
Armour
 b - a +0 robe (worn)
Scrolls
 e - a scroll of fog
 f - a scroll of silence
 j - a scroll of blinking
 l - a scroll of teleportation
Potions
 d - a potion of mutation {unknown}
 i - 2 potions of lignification
 k - 2 potions of curing


   Skills:
 * Level 1.6 Fighting
 * Level 1.4 Long Blades
 * Level 1.2 Armour
 * Level 2.7 Dodging
 - Level 1.2 Stealth
 - Level 2.0 Spellcasting
 - Level 1.0 Transmutations
 - Level 2.6 Earth Magic


You had 4 spell levels left.
You knew the following spells:

 Your Spells              Type           Power      Damage    Failure   Level
a - Sandblast             Erth           20%        2d7       7%          1
b - Passwall              Tmut/Erth      5%         N/A       14%         2

Your spell library contained the following spells:

 Spells                   Type           Power      Damage    Failure   Level
 Stone Arrow              Conj/Erth      10%        3d7       34%         3
 Petrify                  Tmut/Erth      7%         N/A       67%         4


Dungeon Overview and Level Annotations

Branches:
Dungeon (4/15)
 Temple: D:4-7

Altars:


Innate Abilities, Weirdness & Mutations

You are completely covered in rugged brown scales. (AC +3, +7% HP)
You have supernaturally acute eyesight. (SInv)
Armour fits poorly on your strangely shaped body.
You can roll at nearby foes to attack.
You have a long armoured tail.


Message History

You barely miss the kobold. The kobold hits you but does no damage.
The hobgoblin hits you.
You hit the kobold.
You kill the kobold!
The hobgoblin hits you. x2
You closely miss the hobgoblin. You tail-slap the hobgoblin.
You kill the hobgoblin!
No target in view!
No target in view!
No target in view!
A goblin is nearby!
The goblin shouts!
You slash the goblin!
You kill the goblin!
No target in view!
No target in view!
A bullfrog comes into view.
Unknown command.
Things that are here:
a +0 dagger; a kobold corpse A hobgoblin comes into view.
Found a stone staircase leading up.
The hobgoblin shouts!
You hear a shout!
You slash the hobgoblin!
You kill the hobgoblin!
An ogre comes into view. It is wielding a +0 giant spiked club.
You hit the ogre.
The ogre is lightly wounded.
The ogre closely misses you.
You hit the ogre.
The ogre is moderately wounded.
The ogre barely misses you.
You barely miss the ogre.
The ogre is moderately wounded.
The ogre hits you with a +0 giant spiked club!
You closely miss the ogre.
The ogre is moderately wounded.
The ogre hits you with a +0 giant spiked club!!
Ouch! That really hurt!
You die...

....####.....#
.............. .
###..........#
#.#.#..........# ##
.............## ...
#..............#...
#..##............#
#...O@.......# ..#
#.....#....#..##
..##### .....
#.<####..##..##)..
##......##
##.....#..8. ##
#..## #..........
### #..##...###
##..##..####
##....#..##..
#...#........


You could see an ogre.

Vanquished Creatures
  An orc wizard (D:3)
  A worm (D:2)
  A dart slug (D:2)
  4 orcs (D:3)
  5 ball pythons
  5 bats
  7 endoplasms
  2 giant cockroaches
  5 goblins
  8 hobgoblins
  2 jackals (D:1)
  5 quokkas
  3 frilled lizards
  2 kobolds
  4 rats
55 creatures vanquished.

Notes
Turn   | Place    | Note
-------+----------+-------------------------------------------
     0 | D:1      | syban the Palentonga Earth Elementalist began the quest for
                  | the Orb.
     0 | D:1      | Reached XP level 1. HP: 13/13 MP: 3/3
   765 | D:1      | Reached XP level 2. HP: 16/21 MP: 5/5
  1732 | D:2      | Reached skill level 1 in Fighting
  2381 | D:2      | Learned a level 2 spell: Passwall
  2403 | D:2      | Reached skill level 1 in Armour
  2403 | D:2      | Reached XP level 3. HP: 27/27 MP: 0/6
  3107 | D:3      | Reached skill level 1 in Long Blades
  3107 | D:3      | Reached XP level 4. HP: 32/34 MP: 7/7
  3626 | D:4      | Noticed a bullfrog
  3648 | D:4      | Noticed an ogre
  3653 | D:4      | Mangled by an ogre

Illustrated notes

Levels and vault maps discovered:
D:1:      lightli_arrival_statuegarden, layout_basic, st_stairs_10
D:2:      minmay_recursive_quarters, layout_loops_cross
D:3:      layout_loops_cross, minmay_between
D:4:      cheibrodos_barr_body, layout_cave_pools,
          minmay_temple_entry_glassed_door, mrwooster_statue_mirror

Skill      XL: |  1  2  3 |
---------------+----------+-----
Dodging        | 2 |  2.7
Fighting       | 1 |  1.6
Armour         | 1 |  1.2
Long Blades    | 1 |  1.4
Stealth        | |  1.2
Spellcasting   | |  2.0
Transmutations | |  1.0
Earth Magic    | |  2.6

Action                   |  1- 3 |  4- 6 || total
-------------------------+-------+-------++-------
Melee: Unarmed           |    97 |       ||    97
       Tailslap          |    20 |     2 ||    22
       Punch             |     1 |       ||     1
       Short sword       |    12 |       ||    12
       Long sword        |    67 |    28 ||    95
 Cast: Sandblast         |     8 |       ||     8
       Passwall          |     1 |       ||     1
  Use: Scroll            |       |     6 ||     6
 Stab: Sleeping          |     3 |     1 ||     4
Armor: Robe              |    56 |     6 ||    62
Dodge: Dodged            |   101 |    12 ||   113
